AoeStats
← ec1ips3

Arabia

509919348Analyzed
3v3 RM · 4d ago on Sep 28, 2026· 33m 56s· 6 players
Game mode
Random Map
Map size
Normal (6 player)
Population
200
Speed
Normal
Resources
Standard
Victory
Conquest
Starting age
Dark Age
Ending age
Imperial Age
RankedLock teamsTeams togetherTeam positionsShared explorationLock speedFull tech treeHidden civsTurbo modeCheats
Victory
Defeat
🇸🇰 Poles · Slovakia
966
+17
🇸🇰 Poles · Slovakia
955
+17
🇸🇰 Poles · Slovakia
928
+18
🇪🇸 Ethiopians · Spain
1035
-19
🇪🇸 Goths · Spain
1019
-19
🇺🇸 Romans · United States
896
-14
IamGroot!
0:47 Loom
12:59 Feudal Age
13:42 Double-Bit Axe
13:39 Horse Collar
18:54 Castle Age
16:25 Man-at-Arms
19:39 Wheelbarrow
19:18 Stone Mining
22:08 Scale Barding Armor
27:57 Chain Barding Armor
27:38 Scale Mail Armor
27:48 Forging
28:35 Bow Saw
29:52 Szlachta Privileges
30:16 Hand Cart
30:10 Heavy Plow
30:20 Long Swordsman
30:21 Pikeman
31:02 Squires
popper10
11:23 Feudal Age
17:08 Bloodlines
22:27 Double-Bit Axe
23:05 Scale Barding Armor
28:05 Castle Age
27:36 Padded Archer Armor
27:27 Fletching
29:12 Husbandry
29:09 Horse Collar
31:46 Bow Saw
31:52 Scale Mail Armor
32:03 Forging
Pirino
8:50 Loom
10:56 Feudal Age
18:59 Fletching
25:49 Castle Age
25:57 Double-Bit Axe
25:56 Horse Collar
26:53 Wheelbarrow
26:04 Town Watch
26:20 Gold Mining
26:10 Crossbowman
27:29 Bodkin Arrow
28:03 Thumb Ring
30:21 Padded Archer Armor
ec1ips3
7:57 Loom
11:33 Feudal Age
12:24 Man-at-Arms
14:24 Scale Mail Armor
14:38 Forging
25:28 Double-Bit Axe
27:40 Horse Collar
rubBen
7:50 Loom
10:49 Feudal Age
19:23 Fletching
24:40 Castle Age
24:30 Double-Bit Axe
25:10 Padded Archer Armor
24:47 Crossbowman
25:31 Bodkin Arrow
27:58 Leather Archer Armor
Krau
5:09 Loom
12:16 Feudal Age
16:26 Castle Age
22:35 Double-Bit Axe
27:20 Town Watch
28:11 Wheelbarrow
27:36 Horse Collar
28:32 Pikeman
29:12 Squires
29:34 Forging
29:24 Scale Mail Armor
31:16 Hand Cart
33:58 Imperial Age
32:58 Iron Casting
32:39 Chain Mail Armor
34:25 Anarchy
Connection lost

Rejoining the realm…

Still unreachable

The connection could not be restored.

Session expired

The server has moved on; the page needs a fresh start.